 Dungeon Crawl Stone Soup version 0.19-a0-1057-g15bb84d (webtiles) character file.

9584 mrath the Thaumaturge (level 11, -5/62 HPs)
             Began as a Gargoyle Earth Elementalist on Aug 2, 2016.
             Was a Priest of Sif Muna.
             Killed from afar by Harold (12 damage)
             ... with a bolt of fire
             ... on level 1 of the Lair of Beasts on Aug 3, 2016.
             The game lasted 01:25:50 (17038 turns).

mrath the Thaumaturge (GrEE)                       Turns: 17038, Time: 01:25:50

Health: -5/62      AC: 14    Str: 13    XL:     11   Next: 48%
Magic:  15/24      EV: 13    Int: 21    God:    Sif Muna [***...]
Gold:   636        SH:  0    Dex: 10    Spells: 4 memorised, 16 levels left

rFire  . . .     SeeInvis .     b - +3 whip (flame)
rCold  . . .     Gourm    .     H - +1 robe {rN+}
rNeg   + + .     Faith    .     (no shield)
rPois  ∞         Spirit   .     (no helmet)
rElec  +         Dismiss  .     K - +1 cloak
rCorr  .         Reflect  .     h - +0 pair of gloves
SustAt .         Harm     .     (no boots)
MR     .....                    t - amulet of regeneration
Stlth  ++........               R - ring of wizardry
                                i - +3 ring of intelligence

@: not resistant to hostile enchantments, unstealthy
A: negative energy resistance 1, electricity resistance, unbreathing,
petrification resistance, rot immunity, AC +7
a: Divine Energy, Channel Magic, Renounce Religion


You were on level 1 of the Lair of Beasts.
You worshipped Sif Muna.
Sif Muna was most pleased with you.
You were not hungry.

You visited 3 branches of the dungeon, and saw 14 of its levels.

You collected 636 gold pieces.

Inventory:

Hand Weapons
 b - a +3 whip of flaming (weapon)
 G - a +0 blowgun
Missiles
 L - 11 poisoned needles
 S - 3 tomahawks (quivered)
 Z - 4 curare-tipped needles
Armour
 g - a steam dragon hide
 h - a +0 pair of gloves (worn)
 H - a +1 robe of positive energy (worn)
 K - a +1 cloak (worn)
Jewellery
 i - a +3 ring of intelligence (left hand)
 m - an uncursed ring of positive energy
 t - an amulet of regeneration (around neck)
 R - a ring of wizardry (right hand)
Wands
 F - a wand of iceblast (11/15)
 U - a wand of digging (8/24)
 W - a wand of flame (20/48)
Scrolls
 a - 2 scrolls of identify
 k - a scroll of fog
 n - 7 scrolls of teleportation
 p - 4 scrolls of remove curse
Potions
 f - 2 potions of magic {unknown}
 l - 3 potions of haste
 o - a potion of heal wounds {unknown}
 q - 4 potions of berserk rage {unknown}
 s - a potion of cancellation {unknown}
 u - a potion of lignification {unknown}
 w - 2 potions of flight {unknown}
 A - 2 potions of might {unknown}
 B - 3 potions of curing
 E - 2 potions of ambrosia {unknown}
 J - 3 potions of degeneration {unknown}
 N - a potion of invisibility {unknown}
 O - a potion of cure mutation {unknown}
 P - 3 potions of brilliance {unknown}
Books
 e - a book of Geomancy

   Spells                             Type                      Level
   a - Sandblast                      Earth                        1
   b - Passwall                       Transmutation/Earth          2
   c - Stone Arrow                    Conjuration/Earth            3
   d - Petrify                        Transmutation/Earth          4
   e - Lee's Rapid Deconstruction     Earth                        5
Comestibles
 c - 2 chunks of flesh
 d - 6 bread rations
 z - 11 royal jellies
 C - 6 meat rations
 I - 2 fruits
 T - 2 beef jerkies


   Skills:
 + Level 4.6 Fighting
 + Level 4.2 Maces & Flails
 + Level 4.5 Armour
 + Level 4.1 Dodging
 - Level 2.1 Stealth
 * Level 9.7 Spellcasting
 + Level 7.8 Conjurations
 - Level 0.7 Transmutations
 + Level 9.5 Earth Magic
 + Level 4.0 Evocations


You had 16 spell levels left.
You knew the following spells:

 Your Spells              Type           Power        Failure   Level  Hunger
a - Sandblast             Erth           ######       1%          1    None
b - Stone Arrow           Conj/Erth      #####.       1%          3    None
c - Lee's Rapid Deconstr  Erth           ######....   1%          5    ####...
d - Petrify               Tmut/Erth      ####....     4%          4    ##.....


Dungeon Overview and Level Annotations

Branches:
Dungeon (12/15)            Temple (1/1) D:6            Lair (1/6) D:11
    Orc (0/2) D:11

Altars:
Ashenzari
Cheibriados
Dithmenos
Elyvilon
Fedhas
Gozag
Hepliaklqana
Kikubaaqudgha
Makhleb
Nemelex Xobeh
Okawaru
Pakellas
Qazlal
Ru
Sif Muna
Trog
Uskayaw
Vehumet
Xom
Yredelemnul
Zin
The Shining One

Shops:
D:5 }

Annotations:
Lair:1 Harold


Innate Abilities, Weirdness & Mutations

You are resistant to torment.
Your stone body is resilient. (AC +7)
You are immune to poison.
You resist negative energy. (rN+)
You are resistant to electric shocks. (rElec)
You can survive without breathing.
You are immune to petrification.
You are immune to rotting.


Message History

Harold the Weathered comes into view.
He is wielding a glaive.
Found a pair of gloves.
There is a staircase back to the Dungeon here.
You whack the bat! You burn the bat.
You kill the bat!
Sif Muna accepts your kill.
Harold throws a throwing net.
The throwing net hits you.
You become entangled in the net!
You see here a throwing net.
You struggle against the net.
You struggle against the net.
You struggle against the net.
Harold hits you from afar with a glaive.
* * * LOW HITPOINT WARNING * * *
You rip the net and break free!
Harold throws a throwing net.
The throwing net barely misses you.
Harold throws a throwing net.
The throwing net misses you.
Harold points at you and mumbles some strange words.
The bolt of fire hits you!
You die...

......# .......
.......##
........####
...........#
..........P# .
........@.### ...
.......<....####....#
#......[.....@......#
#....#.......(......#
.... ##..............
... ##.............
.. #............. .
#.#...........
####..........
###........


You could see Harold.

Vanquished Creatures
  The ghost of Zebura the Basher, a journeyman VSFi of Gozag (D:12)
  Pikel (D:6)
  An ugly thing (D:10)
  A centaur zombie (D:11)
  Joseph (D:7)
  Psyche (D:9)
  The ghost of Aelig the Conjurer, a novice TeAE of Vehumet (D:6)
  A vampire (D:9)
  5 yaks
  A hungry ghost (D:10)
  A steam dragon (D:10)
  A soldier ant (D:8)
  Duvessa (D:7)
  3 orc warriors
  4 ice beasts
  A phantom (D:9)
  A wasp (D:8)
  4 sky beasts
  2 ogres
  4 centaurs
  A crocodile (D:9)
  9 giant frogs
  4 scorpions
  7 killer bees
  6 wights
  2 howler monkeys
  7 crimson imps
  The ghost of Aquadorian the Stinger, a weakling GrVM of Vehumet (D:3)
  A quasit (D:10)
  7 jellies
  A gnoll shaman (D:5)
  6 orc priests
  3 centaur skeletons
  4 giant frog skeletons
  9 hounds
  Jessica (D:3)
  2 iguanas
  7 orc wizards
  7 worker ants
  A hound zombie (D:6)
  5 hound skeletons
  A worker ant zombie (D:9)
  2 howler monkey zombies
  16 adders
  2 gnolls (D:5)
  A shadow imp (D:11)
  2 oozes
  An adder zombie (D:6)
  An adder skeleton (D:8)
  A worm (D:3)
  5 dart slugs
  9 giant geckos
  37 orcs
  15 bats
  2 giant cockroaches
  11 goblins
  9 hobgoblins
  6 jackals
  6 quokkas
  4 ball pythons
  2 giant newts
  A jackal skeleton (D:6)
  7 kobolds
  2 quokka skeletons
  2 quokka zombies
  5 rats
277 creatures vanquished.

Vanquished Creatures (others)
  3 slaves (D:7)
  A water moccasin zombie (D:7)
  Dowan (D:7)
  A worker ant (D:7)
  A rat (D:2)
  5 fungi (D:11)
  6 plants (D:11)
18 creatures vanquished.

Grand Total: 295 creatures vanquished

Notes
Turn   | Place    | Note
-------+----------+-------------------------------------------
     0 | D:1      | mrath the Gargoyle Earth Elementalist began the quest for the Orb.
     0 | D:1      | Reached XP level 1. HP: 10/10 MP: 3/3
   266 | D:1      | Reached XP level 2. HP: 15/15 MP: 0/5
  1069 | D:1      | Reached XP level 3. HP: 14/19 MP: 5/7
  1358 | D:2      | Found a radiant altar of Vehumet.
  2074 | D:2      | Found a blossoming altar of Fedhas.
  2081 | D:2      | Reached XP level 4. HP: 24/24 MP: 3/8
  2162 | D:2      | Learned a level 3 spell: Stone Arrow
  2590 | D:3      | Noticed Aquadorian's ghost (weakling GrVM)
  3334 | D:3      | Killed Aquadorian's ghost
  3334 | D:3      | Reached skill level 1 in Conjurations
  3334 | D:3      | Reached XP level 5. HP: 28/28 MP: 0/10
  3720 | D:3      | Noticed Jessica
  3728 | D:3      | Killed Jessica
  4032 | D:3      | Learned a level 5 spell: Lee's Rapid Deconstruction
  4043 | D:4      | Reached skill level 5 in Earth Magic
  4257 | D:4      | Reached XP level 6. HP: 32/32 MP: 8/12
  5599 | D:4      | Reached skill level 5 in Spellcasting
  5774 | D:4      | Reached XP level 7. HP: 36/36 MP: 7/14
  5823 | D:4      | Found a snail-covered altar of Cheibriados.
  5823 | D:4      | Found a burning altar of Makhleb.
  6257 | D:5      | Entered Level 5 of the Dungeon
  6486 | D:5      | Got a bronze ring mail
  6589 | D:5      | Found a shimmering altar of Xom.
  6619 | D:5      | Found Vivogg's Gadget Shoppe.
  6997 | D:5      | You fall through a shaft for 3 floors!
  6999 | D:8      | Reached XP level 8. HP: 41/41 MP: 10/17
  7098 | D:8      | Found an oddly glowing altar of Pakellas.
  7136 | D:8      | Got a steaming falchion
  7706 | D:6      | Noticed Aelig's ghost (novice TeAE)
  7727 | D:6      | Killed Aelig's ghost
  7727 | D:6      | Reached skill level 5 in Conjurations
  8153 | D:5      | Reached XP level 9. HP: 45/45 MP: 8/20
  8697 | D:6      | Found a staircase to the Ecumenical Temple.
  8707 | Temple   | Entered the Ecumenical Temple
  8889 | Temple   | Became a worshipper of Sif Muna the Loreminder
  9146 | D:6      | Found a white marble altar of Elyvilon.
  9399 | D:6      | Reached skill level 1 in Maces & Flails
  9401 | D:6      | Reached skill level 1 in Armour
  9647 | D:6      | Reached skill level 1 in Fighting
  9885 | D:7      | Noticed Pikel
  9901 | D:6      | Killed Pikel
  9901 | D:6      | Reached skill level 1 in Evocations
  9999 | D:7      | Noticed Duvessa
  9999 | D:7      | Noticed Dowan
 10047 | D:7      | Noticed Joseph
 10193 | D:7      | Got an ancient rapier
 10224 | D:7      | Killed Dowan
 10388 | D:7      | Killed Joseph
 10496 | D:7      | Killed Duvessa
 10986 | D:7      | Reached XP level 10. HP: 50/54 MP: 18/22
 11184 | D:8      | Reached * piety under Sif Muna
 12445 | D:9      | Noticed Psyche
 12451 | D:9      | Killed Psyche
 12928 | D:9      | You fall through a shaft for 3 floors!
 13388 | D:12     | Noticed Zebura's ghost (journeyman VSFi)
 13475 | D:12     | Killed Zebura's ghost
 13475 | D:12     | Reached ** piety under Sif Muna
 13658 | D:11     | Found a staircase to the Orcish Mines.
 13841 | D:10     | Entered Level 10 of the Dungeon
 14250 | D:9      | Reached XP level 11. HP: 60/60 MP: 11/24
 15757 | Temple   | Learned a level 4 spell: Petrify
 16272 | D:10     | HP: 3/62 [something (5)]
 16273 | D:10     | HP: 1/62 [something (2)]
 16773 | D:11     | Noticed a purple ugly thing
 16859 | D:10     | Killed a purple ugly thing
 17003 | D:11     | Reached *** piety under Sif Muna
 17017 | D:11     | Found a staircase to the Lair.
 17026 | D:11     | HP: 3/62 [something (9)]
 17027 | Lair:1   | Entered Level 1 of the Lair of Beasts
 17027 | Lair:1   | Noticed Harold
 17032 | Lair:1   | HP: 3/62 [Harold/glaive (3)]
 17038 | Lair:1   | Killed from afar by Harold

Vault maps used:
D:1:      wheals_arrival_shading
D:2:      fiery_altar_vehumet, lemuel_crystal_altar
D:3:      uniq_jessica
D:4:      gammafunk_temple_overflow_wave, first_bread, kennysheep_doodads
D:5:      serial_shops, shop, led_xom_imps
D:6:      lemuel_coloured_pillars_altar, kennysheep_generic_room_15
D:7:      uniq_duvessa, uniq_pikel, uniq_joseph
D:8:      lemuel_round_altar, hangedman_pestilent_swarm
D:9:      uniq_psyche
D:11:     grunt_lair_entry_orc_guard_hut, orc_0_dummy, corexii_hall_statues_i
Temple:   eino_temple_rhombus
Lair:1:   lab_entry_generic, grunt_forest_large_clearings, uniq_harold

Skill      XL: |  1  2  3  4  5  6  7  8  9 10 11 |
---------------+----------------------------------+-----
Earth Magic    | 4 5 6 7 8 9 |  9.5
Spellcasting   | 3 4 5 6 7 8 9 |  9.7
Conjurations   | 1 2 3 4 5 6 7 |  7.8
Maces & Flails | 2 3 4 |  4.2
Armour         | 2 3 4 |  4.5
Dodging        | 2 3 4 |  4.1
Fighting       | 2 3 4 |  4.6
Evocations     | 1 3 4 |  4.0
Stealth        | |  2.1
Transmutations | |  0.7

Action                   |  1- 3 |  4- 6 |  7- 9 | 10-12 || total
-------------------------+-------+-------+-------+-------++-------
Melee: Club              |    46 |       |       |       ||    46
       Whip              |     2 |    48 |    15 |   186 ||   251
       Mace              |       |       |    98 |       ||    98
Throw: Tomahawk          |       |     1 |     1 |       ||     2
 Cast: Sandblast         |    74 |    91 |    13 |     9 ||   187
       Stone Arrow       |       |    35 |   116 |   175 ||   326
  Use: Scroll            |       |       |     4 |     8 ||    12
       Potion            |       |       |       |     2 ||     2
 Stab: Sleeping          |       |       |     1 |       ||     1
       Distracted        |       |       |       |     1 ||     1
  Eat: Chunk             |     4 |    14 |    17 |    13 ||    48
       Fruit             |       |       |     1 |     1 ||     2
       Beef jerky        |       |       |       |     4 ||     4
       Pizza             |       |       |       |     1 ||     1
Armor: Robe              |    51 |    55 |   101 |   216 ||   423
Dodge: Dodged            |    62 |    91 |    94 |   208 ||   455
